 Dungeon Crawl Stone Soup version 0.30-a0-778-g2ef04afb54 (console) character file.

Game seed: 7595452852196294032

13 rlgrobin the Shield-Bearer (level 2, -2/26 HPs)
             Began as a Meteoran Fighter on Feb 16, 2023.
             Slain by a gnoll
             ... wielding a +0 spear
              (7 damage)
             ... on level 3 of the Dungeon.
             The game lasted 00:00:59 (167 turns).

rlgrobin the Shield-Bearer (Meteoran Fighter)        Turns: 167, Time: 00:00:59

Health: -2/26      AC:  9    Str: 17    XL:     2   Next: 70%
Magic:  3/3        EV:  6    Int:  9    God:
Gold:   12         SH:  5    Dex: 13    Spells: 1/1 levels left

rFire   . . .      SeeInvis +    a - +0 war axe
rCold   . . .      Faith    .    c - +0 buckler
rNeg    . . .      Spirit   .    e - +0 chain mail
rPois   .          Reflect  .    (no helmet)
rElec   .          Harm     .    (no cloak)
rCorr   .          Rampage  .    (no gloves)
Will    .....                    (no boots) Stlth
                                 (no amulet)
HPRegen 0.24/turn                i - ring of see invisible
MPRegen 0.08/turn                (no ring)

@: glowing
A: sense surroundings 1, otherworldly, glowing, explore regen
a: no special abilities


You were on level 3 of the Dungeon.
You visited 1 branch of the dungeon, and saw 3 of its levels.

You collected 12 gold pieces.

Inventory:

Hand Weapons
 a - a +0 war axe (weapon)
 b - a +1 trident of freezing
Armour
 c - a +0 buckler (worn)
 e - a +0 chain mail (worn)
Jewellery
 i - a ring of see invisible (left hand)
Scrolls
 f - a scroll of vulnerability {unknown}
 g - a scroll of teleportation {unknown}
Potions
 d - a potion of might
 h - 2 potions of resistance {unknown}


   Skills:
 - Level 3.2 Fighting
 + Level 3.6 Axes
 - Level 3.6 Armour
 - Level 3.6 Shields


You had one spell level left.
You didn't know any spells.
Your spell library was empty.

Dungeon Overview and Level Annotations

Branches:
Dungeon (3/15) Zot: 1622

Altars:


Innate Abilities, Weirdness & Mutations

You passively map a small area around you.
You are easily found by Zot.
You glow in the dark.
You regain HP and MP as you explore.


Message History

The gnoll hits you with a +0 whip.
You hit the gnoll.
The gnoll is heavily wounded.
The gnoll hits you from afar with a +0 spear.
The gnoll hits you but does no damage.
You barely miss the gnoll.
The gnoll is heavily wounded.
The gnoll hits you but does no damage. x2; The gnoll hits you with a +0 whip.
The gnoll hits you from afar with a +0 spear.
You are too injured to fight recklessly!
You are too injured to fight recklessly!
You hit the gnoll.
The gnoll is almost dead.
You block the gnoll's attack. The gnoll barely misses you.
You barely miss the gnoll.
The gnoll is almost dead.
The gnoll barely misses you. The gnoll hits you with a +0 whip.
The gnoll barely misses you.
The gnoll hits you from afar with a +0 spear.
* * * LOW HITPOINT WARNING * * *
You hit the gnoll.
You kill the gnoll!
The gnoll barely misses you.
Your Axes skill increases to level 3!
You have reached level 2!
The gnoll barely misses you.
You closely miss the gnoll.
The gnoll hits you from afar with a +1 antimagic halberd.
The gnoll hits you with a +0 spear.
* * * LOW HITPOINT WARNING * * *
You slash the gnoll!
The gnoll is severely wounded.
You block the gnoll's attack.
The gnoll hits you but does no damage. x3
You hit the gnoll.
The gnoll is almost dead.
The gnoll barely misses you. The gnoll hits you but does no damage.
You barely miss the gnoll.
The gnoll is almost dead.
You block the gnoll's attack. The gnoll hits you with a +0 spear!
You die...

,, * , * * ,
########
#...gg.# *
#.####@#######
* , #.......#
,** #..####.#
* * * #..# ,
##..### * ,*
#.#...# ##+##
##..#.#
##...##
##.#.##.#
##.....##
#......#


You could see 2 gnolls.

Vanquished Creatures
  A gnoll (D:3)
  2 goblins (D:2)
  A frilled lizard (D:2)
4 creatures vanquished.

Notes
Turn   | Place    | Note
-------+----------+-------------------------------------------
     0 | D:1      | rlgrobin the Meteoran Fighter began the quest for the Orb.
     0 | D:1      | Reached XP level 1. HP: 19/19 MP: 2/2
   162 | D:3      | Reached XP level 2. HP: 8/26 MP: 3/3
   167 | D:3      | Slain by a gnoll

Illustrated notes

Levels and vault maps discovered:
D:1:      evilmike_arrival_crescent, layout_basic, minmay_pentomino_z2
D:2:      layout_basic, basic_altar, amcnicky_mini_rare_corridor_liquid
D:3:      layout_loops_corners, serial_shops, shop

Skill      XL: |  1 |
---------------+----+-----
Axes           | 3 |  3.6
Fighting       | |  3.2
Armour         | |  3.6
Shields        | |  3.6

Action                     || total
---------------------------++-------
  Melee: War axe           ||    23
 Armour: Scale mail        ||     5
         Chain mail        ||     7
  Dodge: Dodged            ||    13
  Block: Buckler           ||     7

Table legend: (Time is in decaauts)
 A = Elapsed time spent in this place.
 B = Non-inter-level travel time spent in this place.
 C = Inter-level travel time spent in this place.
 D = Time resting spent in this place.
 E = Time spent auto-exploring this place.
 F = Levels seen in this place.
 G = Mean time per level.
                   A        B        C        D        E       F      G
               +--------+--------+--------+--------+--------+-----+--------+
         Total |    176 |    176 |      0 |      0 |      0 |   3 |   58.7 |
       Dungeon |    176 |    176 |      0 |      0 |      0 |   3 |   58.7 |
               +--------+--------+--------+--------+--------+-----+--------+

Top non-repeatable levels by time:
     D:3: 89 daAuts
     D:2: 70 daAuts
     D:1: 16 daAuts
